 Dungeon Crawl Stone Soup version 0.20.1-1-g8b1a95d (webtiles) character file.

438 MJtheKandyman the Spear-Bearer (level 7, 50/50 HPs)
             Began as a Merfolk Gladiator on Dec 27, 2017.
             Quit the game in the Ecumenical Temple.
             The game lasted 00:10:56 (4477 turns).

MJtheKandyman the Spear-Bearer (Merfolk Gladiator)  Turns: 4477, Time: 00:10:56

Health: 50/50      AC:  4    Str: 15    XL:     7   Next: 1%
Magic:  7/7        EV: 14    Int:  7    God:
Gold:   185        SH:  0    Dex: 17    Spells: 6/6 levels left

rFire    . . .     SeeInvis .   a - +0 trident
rCold    . . .     Gourm    .   (no shield)
rNeg     . . .     Faith    .   b - +0 leather armour
rPois    .         Spirit   .   c - +0 helmet
rElec    .         Reflect  .   (no cloak)
rCorr    .         Harm     .   (no gloves)
MR       .....                  (no boots)
Stlth    +.........             (no amulet)
Regen    0.2/turn               (no ring)
MPRegen  0.1/turn               (no ring)

@: no status effects
A: change form in water, swift swim, stealthy swim
a: no special abilities


You were in the Ecumenical Temple.
You were very hungry.

You visited 2 branches of the dungeon, and saw 5 of its levels.

You collected 185 gold pieces.

Inventory:

Hand Weapons
 a - a +0 trident (weapon)
Missiles
 d - 4 throwing nets (quivered)
Armour
 b - a +0 leather armour (worn)
 c - a +0 helmet (worn)
 p - a +0 leather armour
 y - the +4 chain mail of Jeroobos {Regen+ Int+3, unknown}
   (You found it on level 4 of the Dungeon)

   It affects your intelligence (+3).
   It increases your rate of regeneration.
Jewellery
 m - an uncursed amulet of rage {unknown}
 r - an uncursed ring of fire {unknown}
 B - an uncursed amulet of guardian spirit {unknown}
Scrolls
 e - 3 scrolls of remove curse {unknown}
 j - 4 scrolls of teleportation {unknown}
 n - a scroll of enchant armour {unknown}
 o - 3 scrolls of identify {unknown}
 t - a scroll of blinking {unknown}
 v - a scroll of recharging {unknown}
 x - a scroll of fear {unknown}
 z - a scroll of enchant weapon {unknown}
 A - a scroll of amnesia {unknown}
 C - a scroll of noise {unknown}
Potions
 g - a potion of lignification {unknown}
 h - a potion of brilliance {unknown}
 k - 2 potions of curing {unknown}
 l - a potion of mutation {unknown}
 q - a potion of flight {unknown}
 s - 2 potions of haste
 w - a potion of degeneration {unknown}
Comestibles
 f - 4 bread rations
 i - 3 royal jellies
 u - a meat ration


   Skills:
 - Level 2.1 Fighting
 + Level 10.8 Polearms
 - Level 2.0 Throwing
 - Level 4.0 Dodging


You had 6 spell levels left.
You didn't know any spells.

Dungeon Overview and Level Annotations

Branches:
Dungeon (4/15)             Temple (1/1) D:4

Altars:
Ashenzari
Cheibriados
Elyvilon
Fedhas
Gozag
Hepliaklqana
Makhleb
Nemelex Xobeh
Okawaru
Qazlal
Ru
Sif Muna
Trog
Vehumet
Xom
Yredelemnul
Zin
The Shining One


Message History

You climb downwards.
Welcome to the Ecumenical Temple!
There is a staircase back to the Dungeon here.
Found three altars.
Found a shimmering altar of Xom.
Found a sacrificial altar of Ru.
Found two altars.
There is a sacrificial altar of Ru here.
Found a deep blue altar of Sif Muna.
Found a stormy altar of Qazlal.
Found an iron altar of Okawaru.
Found a burning altar of Makhleb.
Found a snail-covered altar of Cheibriados.
Found a basalt altar of Yredelemnul.
Found a blossoming altar of Fedhas.
Found a glowing silver altar of Zin.
Found a hazy altar of Hepliaklqana.
Found a white marble altar of Elyvilon.
Found a shattered altar of Ashenzari.
Done exploring.
Are you sure you want to abandon this character and quit the game? (Confirm with "yes".)

##......._.............
#......................
##.................⌠...⌠
#......._...............
#.......................
#................⌠...<..
#.......................
#......._...............
##.....@...........⌠...⌠
#......................
##......._.............
##....................
##........_..........
###.........._..._..
###...............
####............
#####........


There were no monsters in sight!

Vanquished Creatures
  2 scorpions
  An orc priest (D:4)
  2 orc wizards
  A worker ant (D:4)
  4 gnolls (D:4)
  4 adders
  A shadow imp (D:3)
  2 oozes (D:2)
  An adder skeleton (D:4)
  3 worms
  2 dart slugs
  2 leopard geckos
  8 orcs
  3 giant cockroaches
  16 hobgoblins
  8 jackals
  4 quokkas
  3 ball pythons
  9 bats
  5 frilled lizards
  13 goblins
  13 kobolds
  7 rats
114 creatures vanquished.

Vanquished Creatures (others)
  An orc wizard (D:4)
  A jackal (D:4)
  A leopard gecko skeleton (D:4)
3 creatures vanquished.

Grand Total: 117 creatures vanquished

Notes
Turn   | Place    | Note
-------+----------+-------------------------------------------
     0 | D:1      | MJtheKandyman the Merfolk Gladiator began the quest for the Orb.
     0 | D:1      | Reached XP level 1. HP: 16/16 MP: 1/1
   109 | D:1      | Reached skill level 5 in Polearms
   206 | D:1      | Reached XP level 2. HP: 19/22 MP: 2/2
   616 | D:1      | Reached skill level 6 in Polearms
   616 | D:1      | Reached XP level 3. HP: 25/27 MP: 3/3
  1360 | D:2      | Reached XP level 4. HP: 33/33 MP: 4/4
  1403 | D:2      | Reached skill level 7 in Polearms
  2403 | D:3      | Reached skill level 8 in Polearms
  2403 | D:3      | Reached XP level 5. HP: 31/38 MP: 5/5
  2427 | D:3      | Reached skill level 9 in Polearms
  3206 | D:3      | Reached XP level 6. HP: 44/44 MP: 6/6
  3758 | D:4      | Reached skill level 10 in Polearms
  3822 | D:4      | Got a bloodstained chain mail
  4279 | D:4      | Reached XP level 7. HP: 46/50 MP: 7/7
  4392 | D:4      | Found a staircase to the Ecumenical Temple.
  4401 | Temple   | Entered the Ecumenical Temple
  4477 | Temple   | Quit the game

Skill      XL: |  1  2  3  4  5  6 |
---------------+-------------------+-----
Polearms       | 5 6 8 9 10 | 10.8
Fighting       | |  2.1
Throwing       | |  2.0
Dodging        | |  4.0

Action                   |  1- 3 |  4- 6 |  7- 9 || total
-------------------------+-------+-------+-------++-------
Melee: Trident           |   115 |   247 |    16 ||   378
 Stab: Sleeping          |       |     4 |       ||     4
  Eat: Chunk             |     1 |     9 |       ||    10
Armor: Leather armour    |    15 |    27 |     3 ||    45
Dodge: Dodged            |    73 |   111 |    10 ||   194
